 Dungeon Crawl Stone Soup version 0.30.1-5-ged363bc7ee (webtiles) character file.

Game seed: 16903071735217858088

25677 Athletesfoot the Severer (level 12, -6/108 HPs)
             Began as a Minotaur Fighter on Sept 19, 2023.
             Was an Elder of the Shining One.
             Splashed by a brown ugly thing's acid (9 damage)
             ... on level 14 of the Dungeon.
             The game lasted 01:01:40 (14203 turns).

Athletesfoot the Severer (Minotaur Fighter)        Turns: 14203, Time: 01:01:44

Health: -6/108     AC: 12    Str: 31    XL:     12   Next: 91%
Magic:  15/15      EV: 12    Int:  5    God:    the Shining One [****..]
Gold:   961        SH:  0    Dex: 11    Spells: 16/16 levels left

rFire   . . .        L - +1 battleaxe (heavy)
rCold   + + .        (shield currently unavailable)
rNeg    + + .        E - +6 scale mail of the Bulwark {rElec rC++ Will-}
rPois   .            K - +1 hat
rElec   +            x - +0 cloak
rCorr   .            s - +0 pair of gloves
SInv    .            A - +0 pair of boots
Will    .....        R - amulet of the acrobat Stlth
                     t - +4 ring of protection
HPRegen 0.38/turn    P - +6 ring of strength
MPRegen 0.14/turn

%: acrobat
@: mighty, corroded, glowing
A: horns 2, retaliatory headbutt
a: Renounce Religion, Divine Shield, Cleansing Flame


You were on level 14 of the Dungeon.
You worshipped the Shining One.
The Shining One was greatly pleased with you.
You visited 2 branches of the dungeon, and saw 15 of its levels.

You collected 2247 gold pieces.
You spent 1286 gold pieces at shops.

Inventory:

Hand Weapons
 r - the +5 dagger "Vouk" {pain, Int+5}
   (You found it on level 6 of the Dungeon)

   Int:       It affects your intelligence (+5).
   The Shining One disapproves of the use of such an item.
 w - a +5 heavy quarterstaff
 L - a +1 heavy battleaxe (weapon)
Missiles
 z - 3 throwing nets
Armour
 p - an orb of wrath
 s - a +0 pair of gloves (worn)
 x - a +0 cloak (worn)
 A - a +0 pair of boots (worn)
 E - the +6 scale mail of the Bulwark (worn) {rElec rC++ Will-}
   (You found it on level 6 of the Dungeon)

   rC:        It greatly protects you from cold.
   rElec:     It insulates you from electricity.
   Will:      It decreases your willpower.
 F - the +1 leather armour of a Labyrinth {+Inv rPois Will+ Str-4}
   (You found it on level 7 of the Dungeon)

   Str:       It affects your strength (-4).
   rPois:     It protects you from poison.
   +Inv:      It lets you turn invisible.
   Will:      It increases your willpower.
 K - a +1 hat (worn)
 S - +0 acid dragon scales
Jewellery
 t - a +4 ring of protection (left hand)
 J - a ring of magical power
 P - a +6 ring of strength (right hand)
 R - an amulet of the acrobat (around neck)
Wands
 c - a wand of mindburst (2)
 m - a wand of charming (7)
 y - a wand of flame (9) (quivered)
 C - a wand of iceblast (16)
 I - a wand of polymorph (6)
Scrolls
 b - 2 scrolls of vulnerability
 e - 6 scrolls of teleportation
 i - 4 scrolls of identify
 o - a scroll of fear
 u - 6 scrolls of amnesia
 D - a scroll of enchant weapon
 G - a scroll of fog
 H - 3 scrolls of poison
 N - a scroll of blinking
 U - a scroll of summoning {unknown}
 V - a scroll of magic mapping
Potions
 a - 2 potions of mutation
 d - 4 potions of might
 f - 3 potions of resistance
 g - 3 potions of attraction
 j - 3 potions of cancellation
 k - 4 potions of flight
 n - 5 potions of curing
 q - 3 potions of brilliance
 v - 2 potions of haste
 B - 4 potions of invisibility
 M - 2 potions of lignification
Miscellaneous
 l - a piece from Xom's chessboard (15/15)


   Skills:
 + Level 10.9 Fighting
 + Level 15.3 Axes
 - Level 8.5 Staves
 + Level 11.2 Armour
 + Level 6.0 Dodging
 + Level 2.1 Stealth
 + Level 4.4 Shields
 * Level 2.7 Spellcasting
 * Level 6.4 Invocations
 * Level 3.6 Evocations


You had 16 spell levels left.
You didn't know any spells.
Your spell library contained the following spells:

 Spells                   Type           Power      Damage    Failure   Level
 Apportation              Tloc           0%         N/A       56%         1
 Beastly Appendage        Tmut           0%         N/A       56%         1
 Necrotise                Necr           0%         1d4       56%         1
 Sublimation of Blood     Necr           0%         N/A       71%         2
 Wereblood                Tmut           0%         N/A       71%         2
 Dazzling Flash           Conj/Hex       0%         N/A       91%         3
 Spider Form              Tmut/Pois      0%         N/A       91%         3
 Vampiric Draining        Necr           0%         2d6       91%         3
 Cause Fear               Hex            0%         N/A       100%        4
 Agony                    Necr           0%         N/A       100%        5
 Freezing Cloud           Conj/Ice/Air   0%         6-21      100%        5
 Irradiate                Conj/Tmut      0%         3d11      100%        5
 Dragon Form              Tmut           0%         N/A       100%        7
 Summon Hydra             Summ           0%         N/A       100%        7
 Dragon's Call            Summ           0%         N/A       100%        9


Dungeon Overview and Level Annotations

Branches:
Dungeon (14/15)            Temple (1/1) D:4            Lair (0/5) D:10
    Orc (0/2) D:12
 Vaults: D:13-14

Altars:
Ashenzari
Cheibriados
Dithmenos
Elyvilon
Fedhas
Gozag
Hepliaklqana
Kikubaaqudgha
Makhleb
Nemelex Xobeh
Okawaru
Qazlal
Ru
Sif Muna
Trog
Uskayaw
Vehumet
Wu Jian
Xom
Yredelemnul
Zin
The Shining One

Shops:
D:5 *   D:8 ?(?*   D:12 :


Innate Abilities, Weirdness & Mutations

You have a pair of horns on your head.
You reflexively headbutt those who attack you in melee.


Message History

You hit the brown ugly thing.
The brown ugly thing is lightly wounded.
The brown ugly thing trunk-slaps you.
* * * LOW HITPOINT WARNING * * *
You are splashed with acid!
* * * LOW HITPOINT WARNING * * *
You feel very mighty all of a sudden. The brown ugly thing trunk-slaps you.
* * * LOW HITPOINT WARNING * * *
You are splashed with acid.
* * * LOW HITPOINT WARNING * * *
You hit the brown ugly thing but do no damage.
You headbutt the brown ugly thing!
The brown ugly thing is moderately wounded.
The brown ugly thing misses you. You furiously retaliate!
You headbutt the brown ugly thing!
The brown ugly thing trunk-slaps you but does no damage.
You slice the brown ugly thing like a ripe choko!!!
You kill the brown ugly thing!
The brown ugly thing pecks you but does no damage.
You slice the brown ugly thing like a ripe choko!!!
The brown ugly thing is severely wounded.
The brown ugly thing pecks you.
* * * LOW HITPOINT WARNING * * *
You are splashed with acid!
* * * LOW HITPOINT WARNING * * *
You feel better.
The brown ugly thing basks in the mutagenic energy from its kin and changes!
You hit the green ugly thing.
The green ugly thing is severely wounded.
You slice the green ugly thing!!
You kill the green ugly thing!
You slash the brown ugly thing! You headbutt the brown ugly thing!
The brown ugly thing is almost dead.
The brown ugly thing closely misses you.
You furiously retaliate!
You headbutt the brown ugly thing. The brown ugly thing stings you!
* * * LOW HITPOINT WARNING * * *
You are splashed with acid!
You die...

#......#.# # ........##......#.#
# ........##......#.# # #
........##......#.### # #
........##..........# # #
........#######†#.#.###### #
........# #.#.#.#..... ####.
......!.#######.#.#.#.#### .....
........u@..........>.#... .####
#####...###########.......
.######## #....#...#...###....#.#
......... +....#._.#8..'.#.......
#.#########....#...#...#......#.#
#..............##.###(####.......
###.####.......#...#...#......#.#
##.####.#######.8.....#.........
##.......# #...#.8.#...##..##


You could see a brown ugly thing.

Vanquished Creatures
  2 hydras (D:13)
  A centaur warrior (D:13)
  3 two-headed ogres
  A tengu warrior (D:13)
  Pikel (D:7)
  2 deep elf pyromancers
  17 ugly things
  2 manticores
  4 cyclopes
  The ghost of Gatsu the Slasher, a novice MiMo (D:5)
  The ghost of gohan83 the Conjurer, a novice TeCj of Dithmenos (D:5)
  Maggie (D:10)
  An unseen horror (D:11)
  A komodo dragon (D:12)
  A kobold demonologist (D:11)
  3 trolls (D:10)
  Grinder (D:4)
  4 slime creatures (D:12)
  A spriggan (D:10)
  2 vampires (D:12)
  4 wraiths
  A basilisk (D:12)
  4 vampire mosquitoes (D:14)
  Menkaure (D:7)
  Eustachio (D:4)
  3 steam dragons
  2 acid dragons
  2 water moccasins
  Duvessa (D:4)
  4 orc warriors
  A black bear (D:6)
  2 ice beasts
  2 sky beasts (D:6)
  2 ogres (D:5)
  2 wolves (D:10)
  2 centaurs
  A phantom (D:4)
  A kobold brigand (D:8)
  4 bullfrogs
  9 scorpions
  3 gnoll sergeants
  10 wights
  Dowan (D:4)
  6 killer bees (D:10)
  3 vampire bats (D:8)
  2 howler monkeys (D:9)
  5 electric eels (D:10)
  11 hounds
  6 jellies
  7 orc priests
  Crazy Yiuf (D:4)
  2 gnoll boudas (D:9)
  A sleepcap (D:7)
  8 iguanas
  7 orc wizards
  8 adders
  34 gnolls
  2 shadow imps
  3 white imps
  2 ufetubi
  2 worms
  4 dart slugs
  16 orcs
  3 ball pythons
  10 bats
  11 endoplasms
  7 giant cockroaches
  9 goblins
  5 hobgoblins
  2 quokkas
  5 frilled lizards (D:1)
  13 kobolds
  10 rats
318 creatures vanquished.

Vanquished Creatures (others)
  A human (D:3)
1 creature vanquished.

Grand Total: 319 creatures vanquished

Notes
Turn   | Place    | Note
-------+----------+-------------------------------------------
     0 | D:1      | Athletesfoot the Minotaur Fighter began the quest for the
                  | Orb.
     0 | D:1      | Reached XP level 1. HP: 19/19 MP: 0/0
    43 | D:1      | Reached XP level 2. HP: 6/27 MP: 1/1
   240 | D:1      | Reached skill level 3 in Axes
   240 | D:1      | Reached XP level 3. HP: 30/33 MP: 2/2
  1112 | D:2      | Reached XP level 4. HP: 40/40 MP: 3/3
  1526 | D:3      | Reached skill level 4 in Axes
  1526 | D:3      | Reached skill level 1 in Dodging
  1830 | D:3      | Found a faded altar of an unknown god.
  2006 | D:3      | Found an ancient bone altar of Kikubaaqudgha.
  2008 | D:3      | Noticed a human
  2011 | D:3      | Killed a human
  2205 | D:4      | Noticed Eustachio
  2217 | D:4      | Killed Eustachio
  2218 | D:4      | Reached skill level 5 in Axes
  2218 | D:4      | Reached XP level 5. HP: 23/47 MP: 4/4
  2317 | D:4      | Reached XP level 6. HP: 53/53 MP: 5/5
  2389 | D:4      | Found a runed translucent door.
  2390 | D:4      | Noticed Crazy Yiuf
  2400 | D:4      | Killed Crazy Yiuf
  2401 | D:4      | Reached skill level 5 in Armour
  2539 | D:4      | Noticed Duvessa
  2539 | D:4      | Noticed Dowan
  2545 | D:4      | Killed Dowan
  2546 | D:4      | Reached skill level 6 in Axes
  2552 | D:4      | Killed Duvessa
  2558 | D:4      | Reached skill level 5 in Fighting
  2558 | D:4      | Reached XP level 7. HP: 19/61 MP: 6/6
  2727 | D:4      | Found a staircase to the Ecumenical Temple.
  2736 | Temple   | Entered the Ecumenical Temple
  2745 | Temple   | Became a worshipper of the Shining One
  2966 | D:4      | Noticed Grinder
  2967 | D:4      | Paralysed by Grinder for 3 turns
  2977 | D:4      | Killed Grinder
  2978 | D:4      | Reached skill level 7 in Axes
  3791 | D:5      | Entered Level 5 of the Dungeon
  3795 | D:5      | Reached skill level 8 in Axes
  3795 | D:5      | Reached XP level 8. HP: 70/70 MP: 7/7
  3986 | D:5      | Reached skill level 9 in Axes
  4216 | D:5      | Found Hujoly's Assorted Antiques.
  4337 | D:5      | Reached skill level 1 in Staves
  4484 | D:5      | Reached * piety under the Shining One
  4644 | D:5      | Found a runed translucent gate.
  4644 | D:5      | Found a runed translucent gate.
  4644 | D:5      | Found a runed translucent gate.
  4648 | D:5      | Noticed gohan83's ghost (novice TeCj)
  4648 | D:5      | Noticed Gatsu's ghost (novice MiMo)
  4666 | D:5      | Killed gohan83's ghost
  4667 | D:5      | Reached XP level 9. HP: 78/78 MP: 8/8
  4671 | D:5      | Killed Gatsu's ghost
  4672 | D:5      | Reached skill level 1 in Stealth
  4903 | D:6      | Identified the +5 dagger "Vouk" {pain, Int+5}
  5297 | D:6      | Reached skill level 5 in Staves
  5797 | D:6      | Identified the +6 scale mail of the Bulwark {rElec rC++
                  | Will-}
  5884 | D:7      | Noticed Pikel
  5885 | D:7      | Noticed Menkaure
  5887 | D:7      | Found a broken altar of Ashenzari.
  5891 | D:7      | Killed Pikel
  6247 | D:7      | Killed Menkaure
  6264 | D:7      | Got the Opusculum on Unstable Conjury
  6311 | D:7      | Reached XP level 10. HP: 90/90 MP: 9/9
  6352 | D:7      | Identified the +1 leather armour of a Labyrinth {+Inv rPois
                  | Will+ Str-4}
  6589 | D:7      | Reached skill level 1 in Invocations
  6884 | D:8      | Found a sacrificial altar of Ru.
  6982 | D:8      | Found Tauxie's Weapon Boutique.
  7004 | D:8      | Reached ** piety under the Shining One
  7115 | D:8      | Found Vigogon's Magic Scroll Shoppe.
  7116 | D:8      | Found Owurodwe's General Store.
  7127 | D:8      | Bought a potion of heal wounds for 70 gold pieces
  7291 | D:8      | Found Izaptobb's Magic Scroll Shop.
  7488 | D:8      | Found a glowing silver altar of Zin.
  7811 | D:9      | Found a blossoming altar of Fedhas.
  7889 | D:9      | Found a snail-covered altar of Cheibriados.
  7957 | D:9      | Reached *** piety under the Shining One
  8005 | D:9      | Reached skill level 10 in Axes
  8581 | D:10     | Entered Level 10 of the Dungeon
  8742 | D:10     | Reached skill level 11 in Axes
  8751 | D:10     | Found a staircase to the Lair.
  8767 | D:10     | Noticed a green ugly thing
  8775 | D:10     | Killed a green ugly thing
  8784 | D:10     | Reached XP level 11. HP: 30/97 MP: 12/12
  8873 | D:10     | Noticed a two-headed ogre
  8877 | D:10     | Killed a two-headed ogre
  9027 | D:10     | Reached skill level 12 in Axes
  9237 | D:10     | Noticed Maggie
  9242 | D:10     | Killed Maggie
  9322 | D:10     | Reached skill level 5 in Dodging
 10319 | D:11     | Noticed a two-headed ogre
 10323 | D:11     | Killed a two-headed ogre
 10324 | D:11     | Reached skill level 10 in Armour
 11134 | D:8      | Bought a scroll of acquirement for 572 gold pieces
 11134 | D:8      | Acquired 496 gold pieces
 11407 | D:12     | Reached skill level 13 in Axes
 11481 | D:12     | Acquired 842 gold pieces
 11490 | D:12     | Found a staircase to the Orcish Mines.
 11671 | D:12     | Found Qyeffu's Book Boutique.
 12103 | D:12     | Bought a book of the Dragon for 644 gold pieces
 12137 | D:13     | Noticed a brown ugly thing
 12137 | D:13     | Noticed a centaur warrior
 12146 | D:13     | Killed a brown ugly thing
 12147 | D:13     | Reached skill level 10 in Fighting
 12147 | D:13     | Reached skill level 1 in Evocations
 12147 | D:13     | Killed a centaur warrior
 12362 | D:13     | Noticed a two-headed ogre
 12369 | D:13     | Reached skill level 14 in Axes
 12369 | D:13     | Killed a two-headed ogre
 12370 | D:13     | Reached XP level 12. HP: 56/106 MP: 14/14
 12526 | D:13     | Noticed a tengu warrior
 12540 | D:13     | Killed a tengu warrior
 12728 | D:13     | Noticed a six-headed hydra
 12729 | D:13     | Reached skill level 1 in Spellcasting
 12735 | D:13     | Killed a nine-headed hydra
 12736 | D:13     | Reached skill level 5 in Invocations
 12959 | D:13     | Noticed a five-headed hydra
 12959 | D:13     | Reached **** piety under the Shining One
 12965 | D:13     | Killed an eight-headed hydra
 13957 | D:14     | Found an ornate altar of the Wu Jian Council.
 13992 | D:14     | Reached skill level 15 in Axes
 14199 | D:14     | HP: 5/108 [acid (8)]
 14203 | D:14     | Splashed by a brown ugly thing's acid

Illustrated notes

Levels and vault maps discovered:
D:1:      minmay_arrival_wavy_path, layout_rooms, grunt_decor_cap
D:2:      layout_loops_ring, minmay_tromino_i4
D:3:      layout_basic, tgw_kikubaaqudgha, shapermc_ecumenical_altar_acropolis,
          chequers_serial_rivers_micro_a
D:4:      layout_loops_corners, minmay_temple_entry_sparse_star,
          gup_sewer_entry_bowl, nicolae_nh_ransacked_shop, uniq_eustachio,
          uniq_duvessa, uniq_grinder, uniq_crazy_yiuf_cottage
D:5:      minmay_angry_zag, layout_loops_ring, gammafunk_ghost_cemetery,
          serial_shops, nicolae_shop_real_fake_doors
D:6:      layout_basic
D:7:      layout_basic, mainiacjoe_overflow_cross_hatched, dreamdust_gnoll_farm,
          uniq_pikel, uniq_menkaure
D:8:      wad_crossroads, layout_rooms, mainiacjoe_overflow_alcove_2,
          overflow_temple_1_default, serial_shops, nicolae_shop_hallway_plus,
          shop, shop, nicolae_shop_tiny_statue_garden, roderic_batcave
D:9:      layout_long_grid, kennysheep_slug_shrine, mainiacjoe_overflow_alcove_1
D:10:     layout_layer_cave, erik_lair_island, the_hattery, uniq_maggie
D:11:     layout_basic
D:12:     layout_roguey, orc_0_dummy, serial_shops,
          nicolae_shop_pleasant_corner_grove
D:13:     layout_basic
D:14:     layout_basic, grunt_vaults_entry_tiered,
          nicolae_wu_jian_immortal_techniques, serial_glass, glass_columns_b,
          glass_columns_a, glass_columns_a, glass_columns_b, glass_columns_a,
          glass_columns_a, glass_columns_a, glass_columns_a, glass_columns_a,
          glass_columns_a
Temple:   eino_temple_scatter_basement

Skill      XL: |  1  2  3  4  5  6  7  8  9 10 11 12 |
---------------+-------------------------------------+-----
Armour         | 4 5 6 7 9 10 11 | 11.2
Fighting       | 4 5 6 8 9 10 | 10.9
Axes           | 3 5 6 8 9 11 14 15 | 15.3
Shields        | 4 |  4.4
Dodging        | 1 2 3 4 5 6 |  6.0
Staves         | 3 6 8 |  8.5
Stealth        | 1 2 |  2.1
Invocations    | 3 4 6 |  6.4
Evocations     | 1 3 |  3.6
Spellcasting   | 2 |  2.7

Action                     |  1- 3 |  4- 6 |  7- 9 | 10-12 || total
---------------------------+-------+-------+-------+-------++-------
  Melee: War axe           |    58 |    67 |   143 |       ||   268
         Headbutt          |     8 |    12 |    33 |    64 ||   117
         Quarterstaff      |       |       |    32 |    65 ||    97
         Battleaxe         |       |       |       |   217 ||   217
 Invoke: Divine Shield     |       |       |       |     1 ||     1
  Evoke: Wand              |       |       |       |     6 ||     6
    Use: Scroll            |       |       |    16 |     8 ||    24
         Potion            |       |       |     1 |     5 ||     6
 Armour: Scale mail        |    33 |    36 |   110 |   260 ||   439
  Dodge: Dodged            |    32 |    34 |   103 |   271 ||   440
  Block: Buckler           |    18 |       |       |       ||    18
         Other             |       |       |       |     1 ||     1
